Map: Port Aleksander LE

Players

hinO

  • Race: Zerg Zerg
  • Spawn Location: 11:00

JEROS - Winner!

  • Race: Terran Terran
  • Spawn Location: 5:00

Event: 2019 WCS Spring

VOD

Have the link to the VOD?

Description

Time

  • Played on: May 17, 2019, 2:59 p.m.
  • Length: 19:04

All games in this series

Show
View Real Time Build Order
Export as new Build Order

hinO Zerg 

Build Orders: Pool First, Swarm Host 

Get SALT Encoding   

  12  0:00  Drone  
  13  0:15  Overlord  
  13  0:18  Drone  
  14  0:33  Drone x2  
  16  0:42  Spawning Pool  
  15  0:46  Drone  
  15  0:49  Drone  
  17  1:12  Hatchery  
  17  1:15  Drone  
  17  1:18  Extractor  
  16  1:29  Zergling x4  
  16  1:30  Zergling x2  
  19  1:37  Queen  
  21  1:44  Overlord  
  21  1:52  Drone  
  22  2:06  Drone  
  23  2:14  Drone  
  24  2:21  Metabolic Boost  
  24  2:31  Queen, Drone x2  
  27  2:38  Drone x2  
  29  2:47  Drone x2  
  29  2:51  Drone x2  
  31  2:59  Drone  
  31  3:04  Hatchery  
  31  3:07  Drone  
  31  3:10  Drone  
  31  3:12  Overlord  
  33  3:15  Drone  
  33  3:18  Drone  
  35  3:21  Drone  
  36  3:30  Queen  
  36  3:32  Drone  
  36  3:33  Zergling x2  
  36  3:34  Zergling x4  
  42  3:39  Queen  
  44  3:44  Overlord  
  44  4:01  Overlord  
  44  4:03  Zergling x10  
  44  4:06  Queen  
  51  4:12  Drone  
  51  4:16  Spore Crawler, Zergling x4  
  53  4:17  Queen  
  53  4:19  Queen  
  57  4:25  Drone  
  57  4:26  Drone x4  
  57  4:27  Drone  
  63  4:33  Overlord  
  63  4:35  Drone x2  
  65  4:39  Drone  
  65  4:42  Overlord  
  66  4:47  Overlord  
  66  4:50  Overlord  
  66  4:51  Queen  
  68  4:53  Drone x2  
  70  5:02  Drone  
  70  5:03  Overlord, Drone x3  
  70  5:04  Overlord  
  74  5:08  Drone  
  74  5:09  Drone x2  
  77  5:19  Zergling x6  
  70  5:24  Zergling x10  
  70  5:30  Drone x7  
  70  5:33  Drone  
  78  5:42  Drone x2  
  80  5:43  Drone  
  81  5:50  Extractor, Drone  
  81  5:51  Lair, Extractor  
  81  5:52  Extractor  
  81  5:53  Extractor, Drone  
  81  5:56  Roach Warren, Drone  
  79  5:58  Drone  
  79  6:01  Lair, Extractor  
  78  6:05  Drone x2  
  78  6:08  Drone  
  78  6:11  Drone x7  
  87  6:13  Drone  
  87  6:14  Drone  
  87  6:18  Drone  
  87  6:20  Drone  
  87  6:24  Drone x2  
  89  6:29  Drone  
  90  6:33  Drone x2  
  90  6:44  Drone x5  
  96  6:47  Drone x5  
  96  6:49  Drone  
  96  6:51  Overseer  
  96  6:52  Drone  
  102  6:55  Hatchery  
  102  7:00  Overlord x2  
  101  7:07  Overlord x2  
  101  7:12  Burrow  
  101  7:13  Glial Reconstitution  
  101  7:17  Infestation Pit, Overlord x2, Extractor  
  101  7:18  Evolution Chamber  
  101  7:19  Evolution Chamber  
  101  7:20  Extractor  
  96  7:29  Drone  
  98  7:30  Drone x3  
  98  7:33  Roach x5  
  98  7:36  Overseer  
  110  7:38  Roach x4  
  110  7:39  Roach  
  120  7:48  Overlord x2  
  120  7:49  Roach x4  
  127  7:53  Overlord  
  127  7:55  Zerg Missile Weapons Level 1  
  127  7:56  Zerg Ground Armor Level 1  
  127  8:02  Ravager x5  
  132  8:08  Overlord x2  
  132  8:09  Pathogen Glands  
  132  8:11  Overlord x2  
  131  8:13  Roach  
  131  8:17  Ravager  
  131  8:19  Roach x3  
  140  8:22  Zergling x8  
  144  8:28  Ravager x3  
  144  8:32  Overlord x2  
  147  8:35  Drone x2  
  147  8:38  Spine Crawler  
  147  8:39  Spine Crawler  
  147  8:40  Roach x4  
  149  8:51  Infestor  
  149  8:52  Infestor  
  151  8:59  Drone x2  
  151  9:02  Tunneling Claws, Spine Crawler  
  152  9:03  Spine Crawler  
  152  9:04  Infestor  
  153  9:11  Infestor x2  
  153  9:15  Roach x3  
  163  9:26  Roach x9  
  163  9:28  Drone  
  182  9:33  Drone x2  
  182  9:37  Spine Crawler x2  
  182  9:39  Ravager x3  
  182  9:42  Hatchery  
  182  9:43  Roach x5  
  194  9:47  Roach x2  
  197  9:55  Zerg Missile Weapons Level 2  
  196  10:12  Zerg Ground Armor Level 2  
  196  10:13  Hive  
  180  10:28  Roach  
  180  10:29  Roach x10  
  175  10:48  Infestor x2  
  175  10:55  Pneumatized Carapace, Overseer x2  
  175  10:56  Roach  
  187  10:57  Roach x10  
  187  11:02  Roach x4  
  183  11:07  Roach  
  183  11:08  Roach x4  
  193  11:16  Infestor  
  192  11:20  Roach  
  192  11:21  Roach x3  
  192  11:26  Infestor  
  192  11:28  Roach x2, Zergling x4  
  185  11:33  Roach x4  
  185  11:35  Swarm Host  
  185  11:36  Swarm Host  
  185  11:37  Roach x3  
  185  11:44  Swarm Host x2  
  191  11:57  Swarm Host x3  
  151  12:16  Roach x15  
  151  12:17  Roach x4  
  181  12:26  Swarm Host x3  
  188  12:32  Ravager x2  
  188  12:36  Roach x4, Zergling x2  
  199  12:49  Zergling x2  
  200  12:52  Zerg Missile Weapons Level 3  
  174  13:07  Swarm Host  
  174  13:08  Swarm Host x5  
  174  13:11  Ravager  
  174  13:12  Ravager  
  194  13:31  Spire  
  193  13:35  Overlord x3  
  190  13:43  Ravager x6, Extractor x2  
  193  13:55  Roach x3  
  197  13:56  Roach  
  192  14:19  Roach  
  192  14:20  Roach x6  
  194  14:29  Roach  
  194  14:30  Roach x4  
  194  14:46  Greater Spire  
  192  14:53  Corruptor x4  
  192  14:58  Roach  
  188  15:12  Corruptor x2  
  188  15:13  Corruptor x2  
  184  15:20  Roach x11  
  190  15:26  Roach x6  
  189  15:33  Overlord x2  
  189  15:34  Overlord x2  
  186  15:44  Roach x3  
  186  15:45  Roach x2  
  188  15:59  Brood Lord x5  
  188  16:00  Brood Lord  
  200  16:06  Hatchery  
  200  16:10  Brood Lord  
  197  16:14  Ravager x2  
  165  16:28  Corruptor x2  
  161  16:33  Corruptor  
  157  16:49  Corruptor  
  159  16:55  Extractor, Corruptor  
  159  16:59  Extractor  
  159  17:12  Corruptor x2  
  163  17:18  Drone x2  
  163  17:19  Drone  
  137  17:31  Drone  
  137  17:35  Drone  
  137  17:36  Drone  
  130  18:02  Brood Lord  
  132  18:10  Corruptor  
  134  18:14  Brood Lord  
  136  18:22  Corruptor  
Show
View Real Time Build Order
Export as new Build Order

JEROS Terran - Winner!

Build Orders: Liberator Opening, Reaper Expand, Mech 

Get SALT Encoding   

  12  0:00  SCV  
  13  0:12  SCV  
  14  0:19  Supply Depot  
  14  0:25  SCV  
  15  0:41  SCV  
  15  0:42  Barracks  
  16  0:47  Refinery  
  16  0:53  SCV  
  17  1:05  SCV  
  18  1:17  SCV  
  19  1:31  Reaper, Orbital Command  
  20  1:45  Command Center  
  20  1:56  Supply Depot  
  20  1:57  SCV  
  21  2:08  Marine  
  22  2:09  SCV  
  23  2:19  Factory  
  23  2:21  SCV  
  23  2:22  Refinery  
  24  2:34  SCV  
  25  2:37  Barracks Reactor  
  24  2:46  SCV  
  25  2:58  SCV  
  25  3:05  Starport  
  25  3:09  Orbital Command  
  25  3:11  SCV  
  26  3:19  Hellion x2  
  30  3:20  Barracks Tech Lab  
  30  3:23  SCV  
  31  3:35  SCV  
  31  3:37  Liberator  
  31  3:39  SCV  
  31  3:41  Hellion x2  
  37  3:43  Supply Depot  
  37  3:48  SCV  
  41  4:00  SCV  
  41  4:01  SCV  
  41  4:02  Hellion  
  45  4:04  Hellion  
  46  4:12  Supply Depot  
  46  4:13  SCV x2  
  48  4:19  Marine  
  48  4:20  Liberator  
  48  4:24  Hellion  
  51  4:25  SCV x2  
  53  4:33  Supply Depot  
  53  4:34  Hellion  
  53  4:35  Supply Depot  
  58  4:40  SCV x2  
  58  4:42  Marine  
  61  4:52  SCV  
  62  4:54  SCV  
  63  5:00  Command Center  
  63  5:04  Refinery  
  63  5:06  Refinery  
  63  5:07  Armory  
  63  5:09  SCV x2  
  65  5:17  Siege Tank, Marine x2  
  65  5:21  SCV x2  
  58  5:33  SCV x2  
  58  5:39  Starport Tech Lab, Marine x2  
  60  5:45  SCV x2  
  60  5:48  Factory, Supply Depot  
  60  5:49  Factory  
  62  5:51  Siege Tank  
  65  5:57  SCV x2  
  67  6:09  SCV x2  
  69  6:13  SCV  
  69  6:14  Terran Vehicle And Ship Armor Level 1  
  69  6:15  Starport Reactor  
  69  6:17  Supply Depot  
  70  6:21  SCV x2  
  70  6:24  Barracks Tech Lab  
  70  6:25  Factory x2  
  73  6:32  Orbital Command  
  69  6:33  SCV x2  
  69  6:35  Cyclone  
  69  6:36  Mag-Field Accelerator  
  71  6:42  Cyclone  
  71  6:43  Hellion x2, Engineering Bay  
  78  6:52  SCV x2  
  78  6:54  Orbital Command  
  80  7:00  Refinery  
  80  7:03  Refinery  
  80  7:04  Hellion x2  
  80  7:06  Supply Depot  
  80  7:07  Starport Reactor, Cyclone  
  87  7:08  Supply Depot  
  87  7:18  SCV  
  87  7:19  SCV  
  87  7:20  Missile Turret  
  87  7:21  Missile Turret  
  89  7:23  Missile Turret  
  89  7:30  SCV  
  89  7:31  SCV  
  89  7:32  Hellion, Supply Depot  
  89  7:33  Supply Depot  
  93  7:38  SCV  
  93  7:41  Cyclone x2  
  93  7:42  SCV  
  101  7:45  Cyclone  
  101  7:49  SCV  
  101  7:51  SCV  
  106  7:55  Hellion x3  
  106  7:56  Hellion  
  114  7:59  Infernal Pre-Igniter  
  114  8:10  Command Center  
  114  8:15  Cyclone  
  114  8:16  Cyclone, Supply Depot  
  114  8:19  Hellion x2  
  124  8:21  Cyclone  
  124  8:23  Terran Vehicle And Ship Armor Level 2  
  127  8:32  Supply Depot  
  127  8:34  Supply Depot  
  127  8:45  Hellion x3  
  127  8:46  Hellion  
  127  8:48  SCV x2, Cyclone x2  
  135  8:53  Cyclone  
  136  9:02  Factory  
  136  9:03  Factory x2  
  136  9:10  SCV x3  
  136  9:16  Hellion x2  
  136  9:17  Hellion x2  
  147  9:20  Cyclone x2  
  147  9:22  Missile Turret  
  147  9:23  Refinery  
  151  9:24  Refinery  
  154  9:38  Siege Tank  
  154  9:44  Armory  
  154  9:46  SCV x3  
  154  9:52  Siege Tank  
  158  9:56  Siege Tank  
  158  9:57  Factory Reactor, Factory Tech Lab x2  
  158  9:58  SCV x2  
  161  10:01  Planetary Fortress  
  161  10:10  Siege Tank  
  159  10:20  Siege Tank x2  
  163  10:24  Siege Tank  
  155  10:31  Supply Depot  
  155  10:32  Supply Depot x3  
  155  10:33  Supply Depot x2  
  155  10:34  Supply Depot  
  154  10:35  Siege Tank  
  154  10:36  Supply Depot  
  132  10:44  Siege Tank  
  129  10:52  Siege Tank  
  129  10:56  Siege Tank x2  
  132  11:04  Hellion  
  132  11:05  Hellion x5  
  132  11:08  Liberator x2, Siege Tank  
  146  11:12  SCV  
  146  11:13  SCV x2  
  146  11:16  Siege Tank  
  146  11:18  Refinery  
  152  11:24  Hellion  
  158  11:28  Cyclone x2  
  155  11:38  SCV x2  
  155  11:39  SCV  
  158  11:51  Hellion, Cyclone x2, Command Center  
  166  11:54  Cyclone  
  163  12:06  SCV x3  
  138  12:17  Hellion x2, Cyclone x2  
  138  12:21  SCV x3  
  149  12:23  Cyclone  
  149  12:32  Terran Vehicle Weapons Level 1  
  149  12:33  Terran Vehicle And Ship Armor Level 3  
  149  12:42  Hellion x4  
  157  12:51  Hellion x2  
  161  12:53  SCV x3  
  151  13:08  Hellion x3, Cyclone x2  
  151  13:09  Hellion  
  165  13:16  SCV x3  
  168  13:20  Cyclone x2  
  168  13:21  Cyclone  
  177  13:39  Hellion x2  
  177  13:40  Siege Tank  
  177  13:41  Hellion x2, Siege Tank  
  186  13:51  Planetary Fortress  
  186  13:52  Cyclone  
  189  14:20  Hellion x2, Cyclone x2  
  189  14:24  Cyclone, Command Center  
  195  14:26  Supply Depot  
  190  14:37  Hellion, Siege Tank  
  195  14:40  Hellion  
  195  14:44  Siege Tank  
  190  14:51  Refinery x2  
  190  14:52  Liberator x2  
  168  15:01  Hellion x3, Cyclone x2  
  180  15:09  Hellion x2, Cyclone x2  
  177  15:17  Cyclone  
  165  15:27  Command Center  
  162  15:33  Cyclone x2  
  168  15:40  Hellion x3  
  168  15:41  Cyclone x2  
  166  15:44  Liberator x2  
  166  15:49  Cyclone  
  163  15:50  Orbital Command  
  163  15:57  SCV x2  
  171  16:05  Cyclone x2  
  177  16:13  Hellion, Cyclone x2  
  185  16:21  Cyclone  
  185  16:24  SCV  
  185  16:25  SCV x2  
  156  16:26  Liberator x2  
  156  16:30  Hellion x2  
  152  16:37  Cyclone  
  149  16:51  Starport  
  149  16:53  Starport  
  149  17:05  Thor  
  149  17:06  Thor x3  
  163  17:09  Thor  
  171  17:16  Hellion  
  168  17:30  Viking  
  168  17:31  Viking  
  168  17:32  Starport Reactor, Starport Tech Lab  
  172  17:40  Fusion Core  
  172  17:42  Hellion  
  172  17:43  Hellion x6  
  180  17:44  Hellion  
  180  17:48  Thor  
  180  17:49  Cyclone  
  191  17:59  Hellion  
  193  18:07  Viking x2  
  193  18:08  Viking, Refinery  
  193  18:09  Missile Turret  
  193  18:10  Refinery  
  199  18:14  Planetary Fortress  
  199  18:26  SCV  
  200  18:30  Command Center  
Tags
 
Add a new tag
Caveats
  • Supply blocks, unpowered buildings, or Contaminate may cause inaccurate times.
  • Supply counts are checked every 10 seconds.